[Event "CCT Julius Baer-D2 2024"]
[Site "Online"]
[Date "2024.09.29"]
[Round "3"]
[White "Sargsyan, Shant"]
[Black "So, Wesley"]
[Result "1/2-1/2"]
[ECO "D02"]
[WhiteElo "2649"]
[BlackElo "2752"]
[Annotator "TA"]
[PlyCount "73"]
[EventDate "2024.09.25"]
[EventType "swiss"]
[EventCountry "NET"]
[SourceTitle "playchess.com"]
[Source "ChessBase"]
[SourceQuality "1"]
[TimeControl "600+2"]

1. d4 Nf6 2. Nf3 d5 3. Bf4 c5 4. e3 Nc6 5. Nbd2 cxd4 6. exd4 Bf5 7. c3 e6 8. Bb5 Bd6 9. Bxc6+ bxc6 10. Bxd6 Qxd6 11. b4 Ne4 12. Qc1 a5 13. a3 Nxd2 14. Qxd2 Be4 15. Ke2 O-O 16. Ne1 ({Vorzuziehen ist} 16. h4) 16... e5 $17 {[%emt 0:00:23] Weiss ist schwach auf den weissen Feldern} 17. f3 Bg6 18. Kf2 axb4 19. cxb4 Rfe8 20. dxe5 Qxe5 21. Ra2 h5 (21... Qf6 $19 {Droht ...d4 und aus.} 22. Rf1 d4) 22. g3 (22. f4 $17 {ist eine bessere Verteidigung.} Qd6 23. Nf3) 22... Bb1 $19 23. Rb2 {[%emt 0:00:06] [#]} Bf5 24. Ng2 {[%emt 0:00:59] [#]} Rxa3 (24... Bd3 $1 $19 {und Schwarz behält klar die Oberhand. Droht stark ...Qd4+.} 25. Re1 Qd4+ 26. Ne3 Rxa3) 25. Re1 $17 Qb8 {[%emt 0:00:07] Und ...Qa7+ würde nun gewinnen.} 26. Rxe8+ Qxe8 27. b5 cxb5 28. Qxd5 Bd3 (28... Bh3 $17 29. Qc5 Qa8) 29. Qxh5 $15 Ra1 30. Ne3 {[%emt 0:00:04] Wehrt Rf1+ ab} Qc8 {[%emt 0:01:27] Pariert Qc5.} (30... Qe7 {vereinfacht} 31. Qh4 Qxh4 32. gxh4 Rb1) 31. Qd5 {[%emt 0:00:31] Die Stellung ist ausgeglichen.} Qc3 32. Qd8+ Kh7 33. Qh4+ Kg8 34. Qd8+ Kh7 {[%emt 0:00:02] ( -> ...Qe1+)} 35. Qh4+ Kg6 36. Qg4+ Kh7 37. Qh4+ {[%emt 0:00:07] Schwarz hatte alle Gewinnchancen.   Gewichteter Fehlerwert: Weiß=0.13 (sehr präzise) /Schwarz=0.14 (sehr präzise) .  Fehler:       	Weiß=3     	Schwarz=3     Ungenau:       	Weiß=2     	Schwarz=1     OK:         	Weiß=9     	Schwarz=15    Bester:       	Weiß=7     	Schwarz=1} 1/2-1/2

[Event "CCT Julius Baer-D2 2024"]
[Site "Online"]
[Date "2024.09.29"]
[Round "3"]
[White "Martinez Alcantara, Jose Eduardo"]
[Black "Vidit, Santosh Gujrathi"]
[Result "1-0"]
[ECO "C54"]
[WhiteElo "2607"]
[BlackElo "2720"]
[Annotator "TA"]
[PlyCount "93"]
[EventDate "2024.09.25"]
[EventType "swiss"]
[EventCountry "NET"]
[SourceTitle "playchess.com"]
[Source "ChessBase"]
[SourceQuality "1"]
[TimeControl "600+2"]

1. e4 e5 2. Nf3 Nc6 3. Bc4 Bc5 4. c3 Nf6 5. d3 d6 6. O-O O-O 7. h3 Bb6 {[%emt 0:00:04] 7...a5 is setting a new trend.} 8. a4 {[%emt 0:00:01] C54: Giuoco Piano: 4 c3 Nf6, main lines with 5 d4 and 5 d3.} a5 9. Nbd2 h6 10. Bb3 Re8 11. Re1 Be6 12. Bxe6 Rxe6 13. Nf1 $146 ({Predecessor:} 13. Nc4 Ba7 14. Be3 Bxe3 15. Nxe3 d5 16. exd5 Nxd5 17. Qb3 Nf4 18. Rad1 Rg6 19. Kh2 {0-1 Sadhwani,R (2545)-Diaz Perez,M (2459) Titled Tuesday intern op 6th June blitz 2020 (1)}) 13... d5 14. Ng3 Qd7 15. Qe2 Rd8 16. Be3 (16. Nf5 {seems wilder.} Bc5 17. Bd2 dxe4 18. dxe4 Qd3 19. Rab1) 16... Bxe3 17. Qxe3 Ne7 (17... d4 $15 18. cxd4 Nxd4 19. Nxd4 Qxd4) 18. Qe2 (18. d4 {seems wilder.} Nxe4 19. Nxe5 Qc8 20. Nxe4 dxe4 21. Qf4) 18... Ng6 19. Qc2 Nf4 (19... c5 $11 {deserves consideration.}) 20. d4 $14 dxe4 (20... exd4 $1 $11 {keeps the balance.} 21. Nxd4 Rxe4) 21. Nxe5 $16 Qd5 22. Rad1 Ng6 (22... b6 $14) 23. Nf5 ({White should try} 23. c4 $16 Qd6 24. Nxg6 (24. Nxe4 Nxe4 25. Nxg6 Ng5 $16) 24... fxg6 25. d5 (25. Nxe4 Rxe4 26. Rxe4 Nxe4 $11)) 23... Ree8 $14 24. Ne3 Qe6 $1 25. Nxg6 fxg6 26. c4 b6 27. d5 Qd6 28. Qc3 Nd7 29. Nc2 Nc5 30. b3 Rf8 31. Rd2 Rf4 32. Re3 Rdf8 33. Nd4 g5 34. Nc6 Nd3 35. Rdxd3 exd3 36. Qxd3 (36. Ne7+ {looks sharper.} Kf7 37. Qxd3 Rf6 38. Nf5) 36... R4f7 37. f3 h5 (37... Rf6 $11) 38. Re5 Qf6 $2 (38... Rf6 $16 {keeps fighting.}) 39. Qe4 $18 (39. Qe3 g4 $16) 39... g4 40. Rxh5 ({Not} 40. fxg4 hxg4 41. Qxg4 Qd6 $11) 40... g6 41. Qxg4 Re8 42. Rg5 Kh7 43. Kh2 (43. Qh4+ $18 {and White stays clearly on top.} Kg7 44. Qg4) 43... Re3 $2 (43... Qd6+ $16 44. Qg3 Qxg3+ 45. Kxg3 Re2) 44. Nd4 (44. Qh4+ $18 {and the rest is easy.} Kg8 45. Qg3) 44... Rd3 $2 (44... Qd6+ $16 45. Qg3 Rd3 46. Qxd6 cxd6) 45. Ne6 $18 Rxb3 46. Qh4+ Kg8 47. Qh6 1-0

[Event "CCT Julius Baer-D2 2024"]
[Site "Online"]
[Date "2024.09.30"]
[Round "4"]
[White "So, Wesley"]
[Black "Martinez Alcantara, Jose Eduardo"]
[Result "1-0"]
[ECO "C42"]
[WhiteElo "2752"]
[BlackElo "2607"]
[Annotator "TA"]
[PlyCount "151"]
[EventDate "2024.09.25"]
[EventType "swiss"]
[EventCountry "NET"]
[SourceTitle "playchess.com"]
[Source "ChessBase"]
[SourceQuality "1"]
[TimeControl "600+2"]

1. e4 e5 2. Nf3 Nf6 3. Nxe5 d6 4. Nf3 Nxe4 5. d4 Be7 6. Bd3 d5 7. c4 Nf6 8. O-O O-O 9. h3 Nc6 10. Nc3 Nb4 11. Be2 dxc4 12. Bxc4 c6 13. a3 {[%emt 0:00:11] C42: Petroff Defence: 3 Nxe5 and unusual White 3rd moves.} Nbd5 14. Re1 Be6 15. Qb3 $5 {[%emt 0:01:18][%mdl 4] A promising side line.} b5 16. Nxd5 Nxd5 17. Bf1 Rc8 18. Bd2 $146 ({Predecessor:} 18. Qc2 c5 19. Bxb5 Qb6 20. Bd3 h6 21. dxc5 Bxc5 22. Qe2 a5 23. Ne5 Rfd8 24. Bd2 {½-½ Watson,R-Hoegerl,F GER op 2007 email (1)}) 18... a6 19. a4 Bf6 20. axb5 axb5 21. Qc2 Ne7 22. Bd3 Ng6 23. Rxe6 fxe6 24. Be3 Qd7 25. Rd1 Rfd8 26. h4 Nf8 27. g3 h6 28. Kg2 Qd5 29. b3 Qd7 30. Rd2 Qf7 31. Be4 Qh5 32. Rd1 Kh8 33. Bg5 Kg8 34. Be3 Kh8 35. Rc1 Kg8 36. Qe2 Ng6 37. Kh3 (37. Rxc6 $2 Nxh4+ 38. Kf1 Rxc6 39. Bxc6 Rd6 $19) 37... Nf8 38. g4 Qe8 39. Kg2 e5 40. dxe5 Bxe5 41. Bxh6 (41. Bf5 {simplifies} Bf4 42. Re1 Bxe3 43. Bxc8 Rxc8 44. Qxe3 Qxe3 45. Rxe3 c5 46. Ne5) 41... gxh6 42. Nxe5 $1 Rd6 {[%emt 0:00:01] [#]} (42... Qxe5 $2 43. Bh7+ (43. Rxc6 $2 Kg7 $19) 43... Kxh7 44. Qxe5 $18) 43. Re1 (43. Qe3 $1 $14 {is more appropriate.}) 43... Qe7 $11 (43... Qxe5 $2 44. Bh7+ Nxh7 45. Qxe5 $18) 44. Nxc6 (44. Qf3 $11) 44... Qxh4 $2 {[%emt 0:00:04][%mdl 8192] [#]} (44... Rcxc6 $15 45. Bxc6 Qxe2 (45... Qxh4 $2 {too greedy.} 46. Bxb5 Kh8 47. Bd3 $18) 46. Rxe2 Rxc6) 45. Ne7+ $1 $18 (45. Qxb5 Qxg4+ 46. Kf1 Qh4 $17) 45... Qxe7 46. Bd5+ $1 (46. Qxb5 $2 {perishes.} Qg5 47. Qxg5+ hxg5 $19) 46... Ne6 47. Bxe6+ Rxe6 48. Qxe6+ Qxe6 49. Rxe6 Kg7 50. Re5 Rb8 $2 (50... b4 51. Rb5 Kg6 52. Rb6+ (52. Rxb4 h5 $18) 52... Kg7 53. Rxb4 h5 54. gxh5 Rc5) 51. b4 $18 Rb6 52. Kg3 Kg6 53. f4 Kf6 54. Rh5 Kg7 55. Rc5 Kg6 56. Kh4 Kg7 57. Kh5 Kg8 58. f5 Kg7 59. Re5 Rd6 60. Rxb5 Rd7 61. Rb6 Rd4 62. Rxh6 Rxb4 63. Rg6+ Kf7 64. Kg5 Rb1 65. Ra6 Rb7 66. Ra5 Kg7 67. Ra4 Rf7 68. Ra6 Rb7 69. Kh5 Rf7 70. f6+ Kh7 71. g5 Rf8 72. g6+ Kg8 73. Kh6 Rb8 74. Ra7 Rf8 75. f7+ Rxf7 76. Rxf7 1-0

[Event "CCT Julius Baer-D2 2024"]
[Site "Online"]
[Date "2024.09.30"]
[Round "4"]
[White "Martinez Alcantara, Jose Eduardo"]
[Black "So, Wesley"]
[Result "0-1"]
[ECO "C67"]
[WhiteElo "2607"]
[BlackElo "2752"]
[Annotator "TA"]
[PlyCount "116"]
[EventDate "2024.09.25"]
[EventType "swiss"]
[EventCountry "NET"]
[SourceTitle "playchess.com"]
[Source "ChessBase"]
[SourceQuality "1"]
[TimeControl "600+2"]

1. e4 e5 2. Nf3 Nc6 3. Bb5 Nf6 4. O-O Nxe4 5. Re1 Nd6 6. Nxe5 Be7 7. Bf1 Nxe5 8. Rxe5 O-O 9. Re1 Nf5 10. d4 d5 11. c3 {[%emt 0:00:01] The position is equal.} Bd6 12. Nd2 c6 13. Nf3 Re8 14. Rxe8+ Qxe8 15. Bd3 f6 16. Bd2 Qf7 17. Qc2 g6 18. Re1 Ng7 19. Qc1 Bg4 20. Qd1 Re8 21. h3 Rxe1+ 22. Bxe1 Bf5 23. Bxf5 Nxf5 24. Qe2 h5 25. Bd2 h4 26. Kf1 g5 27. Ne1 Kg7 28. Nd3 Qg6 29. Ke1 Ne7 30. Kd1 Qe4 31. f4 gxf4 32. Bxf4 Bxf4 $17 33. Qxe4 dxe4 34. Nxf4 Nd5 35. Nxd5 {[%emt 0:01:50][%mdl 8192] This costs White the game.} (35. Ne6+ $15 Kf7 36. Nd8+ Ke7 37. Nxb7) 35... cxd5 $15 {[%emt 0:00:00][%mdl 4096] Endgame. KP-KP} 36. Ke2 f5 37. Ke3 b5 38. b3 Kg6 39. Kf4 Kf6 40. g4 hxg3 {[%emt 0:00:00] Black mates.} 41. Kxg3 e3 42. Kf3 {[%emt 0:00:21] [#]} f4 $1 43. h4 (43. a3 Kg5) 43... Kg6 $1 (43... Kf5 44. h5 $11) 44. Ke2 Kh5 45. c4 bxc4 46. bxc4 dxc4 47. d5 c3 (47... Kxh4 48. d6 Kg3 49. d7 f3+ 50. Kxe3 $14) 48. d6 c2 (48... Kxh4 49. d7 Kg5 50. d8=Q+ (50. d8=R Kf5 $18) 50... Kg6 51. Qc7 Kf5 52. Qxa7 (52. Qxc3 a5 53. Qxa5+ Kf6 54. Qd5 Ke7 55. a4 Kf6 56. a5 Ke7) 52... Kf6 53. Qd4+ Kg5 54. Qxc3 (54. Kf3 c2 55. Qxf4+ Kg6 56. Qxe3 Kg7 57. Qc3+ Kh6 58. Qxc2 Kg7)) 49. d7 c1=Q (49... c1=R $2 {too greedy.} 50. d8=Q (50. d8=R $2 Rc2+ 51. Kf3 Rf2+ 52. Ke4 e2 $19) 50... Rc2+ 51. Kf1 (51. Kf3 Rf2+ 52. Ke4 Kg4 $18) 51... Rf2+ 52. Kg1 $18) 50. d8=Q {[%emt 0:00:02] [#]} Qd2+ $1 51. Qxd2 exd2 52. Kxd2 Kxh4 {[%emt 0:00:01] KPP-KP} 53. Ke2 Kg3 54. Kf1 f3 55. Kg1 {[%emt 0:00:04] [#]} f2+ $1 56. Kf1 {[%emt 0:00:02] [#]} Kf3 $1 57. a3 Ke3 58. a4 a5 {[%emt 0:00:01] Weighted Error Value: White=0.53/Black=0.08 (flawless) .  Loses game:     	White=1     	---        Mistake:       	White=1     	---        Inaccurate:     	White=1     	Black=1      OK:         	White=9     	Black=12     Best:        	White=1     	---} 0-1

[Event "CCT Julius Baer-D2 2024"]
[Site "Online"]
[Date "2024.10.01"]
[Round "5"]
[White "So, Wesley"]
[Black "Lazavik, Denis"]
[Result "0-1"]
[ECO "C55"]
[WhiteElo "2752"]
[BlackElo "2578"]
[Annotator "TA"]
[PlyCount "90"]
[EventDate "2024.09.25"]
[EventType "swiss"]
[EventCountry "NET"]
[SourceTitle "playchess.com"]
[Source "ChessBase"]
[SourceQuality "1"]
[TimeControl "600+2"]

1. e4 e5 2. Nf3 Nc6 3. Bc4 Nf6 4. d3 Be7 5. Nc3 O-O 6. a3 d6 7. Be3 Be6 8. Ng5 {[%emt 0:00:01] The position is equal.} Bxc4 9. dxc4 Nb8 10. h3 Nbd7 11. Qe2 c6 12. O-O-O a6 13. f4 Qa5 14. Bd2 Qc7 $1 15. Nf3 b5 16. g4 Nb6 17. c5 $1 Nc4 (17... dxc5 $15 18. Nxe5 (18. fxe5 Nfd7 $19) 18... b4) 18. f5 d5 19. exd5 {[%emt 0:00:38] And now d6 would win.} Nxd5 (19... Bxc5 $17 {Hoping for ...Qd6.} 20. dxc6 Rfe8) 20. Ne4 $11 {[%emt 0:00:02] Dodges Qd6} Qa7 21. Qf2 Rfb8 ({Black should play} 21... Nf6 $11 22. Nfg5 Nd7 (22... h6 23. Nxf6+ Bxf6 24. Ne4 $16)) 22. b3 $14 Nxa3 23. Ba5 (23. g5 $1 $14 a5 24. Nxe5) 23... Bf8 (23... f6 $11) 24. g5 $1 $16 {[%emt 0:00:59][%cal Bg4g5,Bg5g6,Bg6f7][%mdl 32] g6 would now be deadly.} (24. Nxe5 Qe7 25. Qd4 (25. Nxc6 Qxe4 26. Nxb8 Ne3 $16) 25... Re8 26. Nxc6 Qxe4 $16) 24... b4 25. g6 $1 (25. Nxe5 $6 Qe7 26. Qg3 (26. Nxc6 Qxe4 27. Nxb8 Ne3 $11) 26... Re8 27. Rxd5 cxd5 28. Nf6+ (28. Bxb4 $2 Qxe5 29. Qxe5 Rxe5 $19) 28... Kh8 $11) 25... Rb5 (25... Nc3 $16 {was necessary.}) 26. Nxe5 $18 Qe7 (26... hxg6 27. Nxc6 Qb7) 27. gxf7+ Kh8 {[%emt 0:00:01] [#]} 28. Qg3 $1 Rxa5 (28... Nf6 29. Bd8) 29. Ng5 g6 {[%emt 0:00:05] [#]} 30. Rxd5 $2 Nc4 $2 (30... Bh6 $11 31. h4 (31. Nxc6 $2 Bxg5+ 32. Kd1 Qxf7 $19) 31... cxd5) 31. bxc4 {[%emt 0:00:11][%cal Oe5g6] White wants to mate with Nxg6+!} Bh6 32. Nxc6 Ra1+ 33. Kb2 Qf6+ 34. Qe5 Bg7 35. Rxa1 {[%emt 0:00:06] White threatens Ne6 and mate.} Qxc6 {[%emt 0:00:01] [#]} 36. Re1 $1 {[%emt 0:00:02][%cal Od5d6] Threatening mate with Rd6!} Bxe5+ (36... b3 37. f6) 37. Rexe5 {[%emt 0:00:00] Re6 would kill now.} Qf6 38. fxg6 hxg6 {[%emt 0:00:02] [#]} 39. c6 $1 Rf8 (39... Kg7 40. c7) 40. c7 Kg7 41. Kb3 (41. Ne6+ $142 Qxe6 42. Rxe6 Kxf7 43. Rb6 (43. Rxa6 Ke7 44. Rxg6 Rc8 45. Rg7+ Kf6 46. Rd8 Rxd8 47. cxd8=Q+ Kxg7) 43... Kg7 44. Rb8 (44. Rxa6 Rc8 $18) 44... b3 45. Rxf8 (45. c8=B bxc2 46. Kxc2 Rf2+ 47. Rd2 Rf6 $18) 45... bxc2 46. c8=Q) 41... Kh6 42. Ne6 Qf1 43. Nxf8 Qb1+ 44. Ka4 Qb2 45. Re4 $4 (45. c8=R $2 Qa3#) (45. Ka5 {avoids the disaster.} Qa1+ 46. Kb6 Qf1 47. c8=Q (47. c8=R Qxf7 48. Ne6 g5 49. Rxg5 Qxe6+ 50. Rc6 Qxc6+ 51. Kxc6 Kh7 52. Rg2 Kh6 53. Ra5 b3 54. cxb3 Kh7 55. Rh5#) 47... Qxf7 48. Rd7 (48. Kxa6 b3 49. Ne6 Qf6 50. Rd7 Qxe6+ 51. Rxe6 Kg5 52. Qg8 Kh4 53. Qxg6 Kxh3 54. Rh7#) (48. Ka5 Qf6 49. Nxg6 Kh7 50. Rh5+ Kxg6 51. Qg8+ Qg7 52. Qe6+ Qf6 53. Rdg5#) 48... Qf6+ 49. Ka7 Qf2+ 50. c5 (50. Kxa6 Qf6+ 51. Ne6 Qxe6+ 52. Rxe6 Kg5 53. Qd8+ Kf4 54. Rd3 g5 55. Qf8#) (50. Rc5 Qf5 51. Rxf5 gxf5 52. Qd8 Kh5 53. Rh7#) 50... Qf5 51. Rh7+ (51. Rxf5 gxf5 52. Qd8 Kh5 53. Rh7#) 51... Kg5 52. Ne6+ Kf6 53. Qh8#) 45... Qa3# {[%emt 0:00:01] Weighted Error Value: White=0.29 (precise) /Black=0.92.  Mistake:       	White=1     	Black=6      Inaccurate:     	White=5     	Black=4      OK:         	White=5     	Black=5      Best:        	White=1     	Black=1      Strong:       	White=3     	Black=1} 0-1

[Event "CCT Julius Baer-D2 2024"]
[Site "Online"]
[Date "2024.10.01"]
[Round "5"]
[White "So, Wesley"]
[Black "Lazavik, Denis"]
[Result "1-0"]
[ECO "C54"]
[WhiteElo "2752"]
[BlackElo "2578"]
[Annotator "TA"]
[PlyCount "89"]
[EventDate "2024.09.25"]
[EventType "swiss"]
[EventCountry "NET"]
[SourceTitle "playchess.com"]
[Source "ChessBase"]
[SourceQuality "1"]
[TimeControl "600+2"]

1. e4 e5 2. Nf3 Nc6 3. Bc4 Bc5 4. O-O Nf6 5. d3 d6 6. c3 a6 7. Re1 Ba7 8. Bb3 h6 9. Nbd2 O-O 10. Nf1 Be6 11. Bc2 Re8 12. Ng3 d5 {[%emt 0:00:07] The position is equal.} 13. exd5 Bxd5 14. h3 Qd6 15. Nf5 Qd7 16. N3h4 Rad8 {[%emt 0:01:02] [#]} (16... Kh8 $11) 17. Bxh6 $1 $16 gxh6 (17... g6 18. Ne3) 18. Qd2 Be6 (18... Ne7 $16 {is a better defense.} 19. Nxh6+ Kf8) 19. d4 $18 e4 (19... exd4 $2 20. Qxh6 (20. Nxh6+ Kh8 $18) 20... Bxf5 21. Nxf5 $18 (21. Bxf5 Qd6 $11) (21. Bxf5 Qd6 $11)) 20. Qxh6 $2 (20. Nxh6+ $18 {is more deadly.} Kh8 21. Qf4 (21. Bxe4 Nxe4 22. Rxe4 f5 $11)) 20... Bxf5 $16 {[%emt 0:00:04] [#]} 21. Qxf6 (21. Re3 $1 $16 {[%cal Re3g3] Rg3+ would now be deadly.} Bg6 22. Bb3) 21... Bg6 $2 {[%emt 0:00:29] A mistake that costs the game.} 22. Nxg6 $18 fxg6 23. Bb3+ $40 {[%emt 0:00:05][%mdl 128] White wants a kill.} ({But not} 23. Bxe4 $6 Qf7 24. Qxg6+ Qxg6 25. Bxg6 Rxe1+ 26. Rxe1 Na5) 23... Kh7 24. Bf7 Qd6 $2 (24... Qf5 25. Qh4+ Kg7 26. Bxe8 Rxe8) 25. Qh4+ Kg7 26. Bxe8 Rxe8 27. Rxe4 Rxe4 28. Qxe4 Qe7 29. Qf3 (29. Qxe7+ Nxe7 30. Kf1 a5 $14) 29... Nd8 30. Kf1 c5 31. Re1 Qf7 32. Qxf7+ Kxf7 33. d5 Bb8 34. c4 Kf6 35. Re8 {[%emt 0:00:08] White is clearly winning.} Bc7 {[%emt 0:00:07] [#]} 36. d6 $1 Bb6 37. h4 Nc6 38. d7 Bd8 39. g4 Kg7 40. g5 Kf7 41. f4 Be7 42. Kg2 {[%emt 0:00:05][%cal Oh4h5] aiming for h5!} Ke6 {[%emt 0:00:05] [#]} 43. h5 $1 gxh5 44. g6 Kf6 {[%emt 0:00:30] [#]} 45. g7 $1 {[%emt 0:00:05][%mdl 512] Weighted Error Value: White=0.24 (precise) /Black=0.53.  Loses game:     	---       	Black=1      Missed win:     	White=1     	---        Mistake:       	White=1     	Black=3      Inaccurate:     	---       	Black=1      OK:         	White=16    	Black=7      Best:        	White=1     	Black=2} 1-0

[Event "CCT Julius Baer-D2 2024"]
[Site "Online"]
[Date "2024.10.01"]
[Round "5"]
[White "Lazavik, Denis"]
[Black "So, Wesley"]
[Result "1/2-1/2"]
[ECO "D11"]
[WhiteElo "2578"]
[BlackElo "2752"]
[Annotator "TA"]
[PlyCount "131"]
[EventDate "2024.09.25"]
[EventType "swiss"]
[EventCountry "NET"]
[SourceTitle "playchess.com"]
[Source "ChessBase"]
[SourceQuality "1"]
[TimeControl "600+2"]

1. d4 d5 2. c4 c6 3. Nf3 Nf6 4. Qc2 g6 (4... e6 5. e3 b6 6. Nbd2 Bb7 7. Bd3 c5 8. cxd5 exd5 9. dxc5 bxc5 10. b3 Nc6 11. Bb2 Be7 12. O-O Rc8 13. Rac1 Nb4 14. Bb5+ Bc6 15. Bxc6+ Rxc6 16. Qb1 O-O 17. a3 Na6 18. Nd4 Rb6 {½-½ Lazavik,D (2544)-So,W (2761) Titled Tuesday intern op 14th Mar Early blitz 2023 (5)}) 5. cxd5 cxd5 6. Nc3 Bg7 {[%emt 0:00:02] D11: Slav Defence: 3 Nf3 sidelines and 3...Nf6 4 e3 Bg4.} 7. Bf4 O-O 8. e3 Nc6 9. Be2 Nh5 10. Be5 f6 11. Bg3 Be6 12. O-O Bf7 $146 ({Predecessor:} 12... Kh8 13. Na4 Bf5 14. Qb3 b6 15. Rfc1 Nxg3 16. hxg3 Rc8 17. Nc3 Na5 18. Qb5 Qd6 {½-½ Aranha Filho,A (2207)-Arango,A (1966) American Continental 18th 2024 (4)}) 13. Rfd1 Rc8 14. Rac1 e6 15. a3 Kh8 16. b4 Bg8 17. Qd2 Ne7 18. Na4 Nxg3 19. hxg3 Nf5 20. Rxc8 Qxc8 21. Rc1 Qd7 22. Nc5 Qe7 23. Rc2 Nd6 24. Qc1 e5 25. Na4 e4 26. Nd2 f5 27. Nc3 a6 28. b5 g5 29. bxa6 bxa6 30. Bxa6 f4 31. Nf1 Nf5 {[%emt 0:00:47] [#]} 32. Be2 (32. exf4 $2 Nxd4 33. Nxd5 Bxd5 $19) (32. gxf4 $6 $11) (32. Nb5 $1 $16) 32... fxe3 $11 33. fxe3 (33. Nxe3 $2 Nxd4 34. Ncxd5 (34. Nexd5 $2 Qe5 $19) 34... Qe5 $19) 33... Nxd4 34. exd4 Bxd4+ 35. Kh1 Qg7 36. Nh2 Be5 37. Bg4 Bxg3 38. Ne2 Be5 39. Rc8 Rxc8 40. Qxc8 d4 41. Qf5 d3 42. Qxe4 dxe2 43. Qxe2 Qc7 44. Nf3 Bf6 45. Qd2 Qg3 46. Qd7 Qf4 47. Qf5 Qc1+ (47... Qxf5 {simplifies} 48. Bxf5 h6 49. Nd2 Kg7) 48. Kh2 Qc7+ 49. Kh1 Be7 50. a4 Qc1+ 51. Kh2 Bd6+ 52. g3 Qb2+ 53. Kh3 h6 54. a5 (54. Qg6 $5 Bf8 $8 55. Qe8 $11) 54... Bb8 $2 (54... Qa1 $11 {and Black stays safe.}) 55. Qg6 $2 (55. Qf8 $18 Qb7 56. Be6 (56. Qxh6+ Qh7 $18) 56... g4+ 57. Kh4 (57. Kxg4 Qe4+ 58. Kh5 Qxe6 $11) (57. Bxg4 Qc7 $18)) 55... Qg7 $11 56. Qxg7+ (56. Qc6 {seems wilder.} Bf7 57. Qb6 Qf8 58. Qf6+) 56... Kxg7 57. Nd4 Bc4 58. Be2 Ba7 59. Nf5+ Kf6 60. Bxc4 Kxf5 61. g4+ Kf4 62. a6 Bb6 63. Bd3 Ba7 64. Bc4 Bb6 65. Bd3 Ba7 66. Bc4 $1 1/2-1/2